 Dungeon Crawl Stone Soup version 0.28.0-45-g0d030f2227 (webtiles) character file.

Game seed: 11528554720931392807

53 McKennaii the Caller (level 3, 0/26 HPs)
             Began as a Demigod Summoner on Apr 17, 2022.
             Killed from afar by an orc wizard (10 damage)
             ... with a puff of flame
             ... on level 3 of the Dungeon.
             The game lasted 00:02:59 (3293 turns).

McKennaii the Caller (Demigod Summoner)             Turns: 3293, Time: 00:03:00

Health: 0/26       AC:  2    Str:  9    XL:     3   Next: 42%
Magic:  4/9        EV: 12    Int: 21    God:
Gold:   31         SH:  0    Dex: 14    Spells: 1/7 levels left

rFire   . . .      SeeInvis .   b - +1 rapier (speed)
rCold   . . .      Faith    .   (no shield)
rNeg    . . .      Spirit   .   a - +0 robe
rPois   +          Reflect  .   (no helmet)
rElec   .          Harm     .   (no cloak)
rCorr   .          Rampage  .   (no gloves)
Will    .....                   (no boots)
Stlth   ++........              (no amulet)
HPRegen 0.08/turn               f - ring of wizardry
MPRegen 0.11/turn               d - ring of poison resistance

@: very slightly contaminated
A: high MP 1, forlorn, divine attributes
a: no special abilities


You were on level 3 of the Dungeon.
You visited 1 branch of the dungeon, and saw 3 of its levels.

You collected 31 gold pieces.

Inventory:

Hand Weapons
 b - a +1 rapier of speed (weapon)
Armour
 a - a +0 robe (worn)
Jewellery
 d - a ring of poison resistance (right hand)
 f - a ring of wizardry (left hand)
 j - a ring of positive energy
Scrolls
 h - a scroll of fog {unknown}
 i - a scroll of identify {unknown}
 k - 2 scrolls of vulnerability {unknown}
 m - a scroll of teleportation {unknown}
 n - a scroll of enchant armour {unknown}
Potions
 c - a potion of ambrosia {unknown}
 e - a potion of invisibility {unknown}
 l - a potion of flight {unknown}


   Skills:
 - Level 1.7 Dodging
 - Level 1.7 Stealth
 + Level 2.7 Spellcasting
 + Level 4.3 Summonings


You had one spell level left.
You knew the following spells:

 Your Spells              Type           Power      Damage    Failure   Level
a - Summon Small Mammal   Summ           84%        N/A       1%          1
b - Call Imp              Summ           21%        N/A       1%          2
c - Call Canine Familiar  Summ           21%        N/A       2%          3

Your spell library contained the following spells:

 Spells                   Type           Power      Damage    Failure   Level
 Summon Guardian Golem    Hex/Summ       11%        N/A       7%          3
 Gell's Gravitas          Tloc           2%         N/A       16%         3
 Lesser Beckoning         Tloc           2%         N/A       16%         3
 Teleport Other           Tloc           2%         N/A       16%         3
 Summon Lightning Spire   Summ/Air       11%        N/A       22%         4


Dungeon Overview and Level Annotations

Branches:
Dungeon (3/15)


Innate Abilities, Weirdness & Mutations

You have an increased reservoir of magic. (+10% MP)
You shall have no god before yourself.
Your divine heritage dramatically boosts your attributes as you level up.


Message History

The orc hits you with a +0 war axe!
The orc hits your quokka with a +0 war axe.
The orc priest hits your quokka with a +0 war axe!
Your quokka dies!
Your quokka's corpse disappears in a puff of smoke!
The orc priest closely misses you.
You barely miss the orc priest.
The orc priest is severely wounded.
The orc misses you.
The orc priest mumbles some strange prayers to Beogh against you.
You barely resist.
Unknown command.
You barely miss the orc priest.
The orc priest is severely wounded.
The orc hits you with a +0 war axe!
Unknown command.
Something hits you.
* * * LOW HITPOINT WARNING * * *
Your crimson imp closely misses the orc priest.
It was a potion of curing.
You feel better.
The orc priest barely misses your crimson imp.
The orc priest hits you with a +0 war axe.
Something hits you.
* * * LOW HITPOINT WARNING * * *
Your crimson imp blinks!
You hit the orc priest.
The orc priest is severely wounded.
Something barely misses you.
The orc priest calls down the wrath of Beogh upon you.
Pain shoots through your body!
* * * LOW HITPOINT WARNING * * *
Your crimson imp hits the orc priest but does no damage.
You feel better.
The orc hits your crimson imp with a +0 morningstar!
Your crimson imp dies!
Your crimson imp disappears in a puff of smoke!
You hear some strange, mumbled words.
A puff of flame appears from out of thin air!
The puff of flame hits you!
You die...

.. ..#
.#.#####.##
.........#
#.......# ..
##......#
#..#.......####.#
#......o........#
......$o§[.#
#.....o{@..###
#......o.....#
#......#####.#
#)####.
#.#####.## # #.
#......... ..
#.#####.#.
#.#####.#
#.......#
#####.###


You could see an orc priest and 3 orcs.

Vanquished Creatures
  3 giant cockroaches (D:1)
  2 goblins
  A hobgoblin (D:1)
  4 ball pythons
  7 bats
  2 frilled lizards
  6 kobolds
  3 rats (D:2)
28 creatures vanquished.

Vanquished Creatures (collateral kills)
  A gnoll (D:1)
  2 dart slugs (D:1)
  An endoplasm (D:1)
  A giant cockroach (D:1)
  A goblin (D:1)
  2 hobgoblins (D:1)
  A bat (D:1)
  A frilled lizard (D:1)
  A kobold (D:1)
  A rat (D:2)
12 creatures vanquished.

Grand Total: 40 creatures vanquished

Notes
Turn   | Place    | Note
-------+----------+-------------------------------------------
     0 | D:1      | McKennaii the Demigod Summoner began the quest for the Orb.
     0 | D:1      | Reached XP level 1. HP: 14/14 MP: 5/5
   715 | D:1      | Reached XP level 2. HP: 18/20 MP: 5/7
  1166 | D:1      | Reached skill level 4 in Summonings
  1558 | D:1      | Reached XP level 3. HP: 4/26 MP: 2/9
  2325 | D:2      | Learned a level 2 spell: Call Imp
  2329 | D:2      | Learned a level 3 spell: Call Canine Familiar
  3293 | D:3      | Killed from afar by an orc wizard

Illustrated notes

Levels and vault maps discovered:
D:1:      psy_arrival_conway, layout_basic
D:2:      layout_loops_ring, hellmonk_ecumenical_altar_crossroads,
          nrook_campfire
D:3:      layout_loops_ring

Skill      XL: |  1  2 |
---------------+-------+-----
Spellcasting   | 2 |  2.7
Summonings     | 4 |  4.3
Dodging        | |  1.7
Stealth        | |  1.7

Action                   || total
-------------------------++-------
Melee: Unarmed           ||    54
       Rapier            ||    58
 Cast: Summon Small Mamm ||    53
       Call Imp          ||     1
  Use: Potion            ||     2
 Stab: Sleeping          ||     3
Armor: Robe              ||    26
Dodge: Dodged            ||    87
